 Dungeon Crawl Stone Soup version 0.28-a0-1143-gcf6077d4cc (webtiles) character file.

Game seed: 15256575337646040699

13217 RepHenryClay the Nimble (level 11, -7/54 HPs)
             Began as a Deep Elf Conjurer on Dec 12, 2021.
             Was an Elder of Vehumet.
             Shot with a bolt by an orc warlord (24 damage)
             ... in a bailey on Dec 13, 2021.
             The game lasted 00:23:46 (9965 turns).

RepHenryClay the Nimble (Deep Elf Conjurer)         Turns: 9965, Time: 00:23:47

Health: -7/54      AC:  4    Str:  4    XL:     11   Next: 72%
Magic:  24/26      EV: 18    Int: 26    God:    Vehumet [****..]
Gold:   416        SH:  7    Dex: 15    Spells: 15/29 levels left

rFire   + . .      SeeInvis +   a - +4 short sword (venom)
rCold   . . .      Faith    .   A - +2 buckler "Qidegrual" {rF+ Will+ SInv}
rNeg    . . .      Spirit   .   f - +0 robe
rPois   .          Reflect  .   (no helmet)
rElec   .          Harm     .   (no cloak)
rCorr   .          Rampage  .   r - +0 pair of gloves
Will    ++...                   l - +0 pair of boots
Stlth   ++........              v - amulet of regeneration
HPRegen 0.98/turn               (no ring)
MPRegen 0.20/turn               (no ring)

@: no status effects
A: no striking features
a: Renounce Religion


You were in a bailey.
You worshipped Vehumet.
Vehumet was greatly pleased with you.
You visited 2 branches of the dungeon, and saw 11 of its levels.
You also visited: Bailey.

You collected 416 gold pieces.

Inventory:

Hand Weapons
 a - a +4 short sword of venom (weapon)
Missiles
 x - a throwing net
Armour
 f - a +0 robe (worn)
 l - a +0 pair of boots (worn)
 r - a +0 pair of gloves (worn)
 u - a +0 buckler
 A - the +2 buckler "Qidegrual" (worn) {rF+ Will+ SInv}
   (You found it on level 9 of the Dungeon)

   rF:        It protects you from fire.
   SInv:      It lets you see invisible.
   Will:      It increases your willpower.
Jewellery
 i - a ring of ice
 v - an amulet of regeneration (around neck)
Wands
 e - a wand of flame (16)
 g - a wand of iceblast (11)
 o - a wand of digging (5)
 y - a wand of charming (5)
Scrolls
 c - 2 scrolls of enchant armour {unknown}
 d - a scroll of immolation
 j - a scroll of blinking
 k - a scroll of fear
 m - a scroll of noise {unknown}
 p - a scroll of fog {unknown}
 t - 2 scrolls of enchant weapon {unknown}
 z - 2 scrolls of magic mapping
Potions
 b - 4 potions of heal wounds
 h - 2 potions of curing
 n - 2 potions of magic {unknown}
 q - a potion of might {unknown}
 s - 3 potions of cancellation
 B - a potion of brilliance {unknown}
 C - a potion of lignification {unknown}
Miscellaneous
 w - a lightning rod (3/4)


   Skills:
 - Level 12.9 Dodging
 - Level 3.0 Stealth
 + Level 2.8 Shields
 - Level 9.6 Spellcasting
 - Level 11.5 Conjurations
 - Level 5.0 Translocations
 - Level 7.9 Poison Magic


You had 15 spell levels left.
You knew the following spells:

 Your Spells              Type           Power      Damage    Failure   Level
a - Magic Dart            Conj           100%       1d8       1%          1
b - Searing Ray           Conj           100%       2d8       1%          2
c - Iskenderun's Mystic   Conj/Tloc      53%        2d11      1%          4
d - Mephitic Cloud        Conj/Pois/Air  46%        N/A       1%          3
e - Olgreb's Toxic Radia  Pois           52%        N/A       1%          4

Your spell library contained the following spells:

 Spells                   Type           Power      Damage    Failure   Level
 Conjure Flame            Conj/Fire      42%        6-21      1%          3
 Dazzling Flash           Conj/Hex       84%        N/A       1%          3
 Fulminant Prism          Conj/Hex       21%        3d13      1%          4
 Frozen Ramparts          Ice            24%        1d4       4%          3
 Ice Form                 Ice/Tmut       12%        N/A       50%         4
 Summon Ice Beast         Ice/Summ       12%        N/A       50%         4
 Agony                    Necr           12%        N/A       83%         5
 Silence                  Hex/Air        6%         N/A       83%         5


Dungeon Overview and Level Annotations

Branches:
Dungeon (10/15)            Temple (1/1) D:5            Lair (0/6) D:10
    Orc (0/2) D:10         Bailey (1/1)

Altars:
Ashenzari
Cheibriados
Dithmenos
Fedhas
Gozag
Kikubaaqudgha
Qazlal
Sif Muna
Trog
Uskayaw
Vehumet
Yredelemnul
Zin

Annotations:
D:5 unfinished
D:8 unfinished


Message History

The orc warlord shoots a bolt.
The bolt misses you.
There is an open door, spattered with blood here.
Items here: )) [[.
Things that are here:
a +0 hand axe; a +0 leather armour You see here a +0 hand axe.
There is an open door here.
Items here: )) [[ ÷÷÷.
You close the door.
You start resting.
Magic restored.
You start resting.
HP restored.
Items here: )) [[ ÷÷÷.
As you open the door, it creaks loudly!
There is an open door here.
You see here a +0 hand axe.
Things that are here:
a +0 hand axe; a +0 leather armour
Items here: )) [[.
There is an open door, spattered with blood here.
The orc warlord shoots a bolt.
The bolt hits you!!
Items here: ! $ ))))) [[[[[ ÷.
Huge Dmg: -42%(-23hp) hp: 58%(31hp)
Casting: Mephitic Cloud (safe; 1% risk of failure)
Confirm with . or Enter, or press ? or * to list all spells.
Aiming: Mephitic Cloud (safe; 1% risk of failure)
Press: ? - help, Shift-Dir - straight line, f - orc warlord
Aim: an orc warlord, wielding a +0 arbalest, wearing a +0 plate armour and quivering bolts (chance to affect: 29%)
The ball explodes into a vile cloud!
The stinking cloud engulfs the orc warlord but does no damage.
The orc warlord is engulfed in noxious fumes.
The orc warlord shoots a bolt.
The bolt hits you!!
* * * LOW HITPOINT WARNING * * *
Huge Dmg: -35%(-19hp) hp: 23%(12hp)
There is an open door, spattered with blood here.
You close the door.
An orc warlord opens the door.
The orc warlord shoots a bolt.
The bolt hits you!!
You die...

♣♣♣♣ ###)[)......###...... ♣♣.)♣♣♣
###.#'#.....###.###....
♣♣.....♣♣###...))###.###.....###.#
♣♣...)...##....))...###)........###
♣.......)#..)........#..........##8
♣........'))....))...#....).)....#8
♣♣..∩.∩..'.)...⌠.....#...........'.
♣........'..))...)...#...........#8
♣♣.......#.))....@...#..........##8
♣♣......##.........###[........###
♣.....♣♣♣###.....###o###...).###.#
♣♣♣..♣♣ ###.#'#)....###.###....
♣♣♣♣ ###)o)).....###..)...
#.).).).....#.......
#.))........#.......
#..)..⌠....)#)....⌠.
#...........))......


You could see an orc warlord.

Vanquished Creatures
  A two-headed ogre (D:7)
  A hornet (D:9)
  3 yaks (D:6)
  A steam dragon (D:9)
  An acid dragon (D:10)
  2 ice beasts (D:6)
  21 orc warriors
  A black bear (D:7)
  3 ogres
  2 centaurs (D:9)
  3 phantoms
  A kobold brigand (D:6)
  2 bullfrogs
  A gnoll sergeant (D:9)
  10 scorpions
  A water moccasin skeleton (D:4)
  3 killer bees
  10 wights
  2 howler monkeys
  2 centaur zombies
  A bullfrog zombie (D:6)
  2 jellies (D:4)
  A bullfrog skeleton (D:5)
  A hound (D:6)
  2 centaur skeletons
  6 orc priests
  A gnoll shaman (D:7)
  An iguana (D:4)
  An orc wizard (D:10)
  A scorpion zombie (D:5)
  A hound skeleton (D:5)
  26 gnolls
  7 adders
  2 adder skeletons (D:4)
  2 worms
  2 dart slugs
  30 orcs
  10 endoplasms
  5 giant cockroaches
  26 hobgoblins
  7 jackals
  11 kobolds
  A quokka (D:2)
  6 ball pythons
  3 frilled lizards
  25 goblins
  3 rats
  A bush (D:9)
  A butterfly (D:7)
257 creatures vanquished.

Vanquished Creatures (collateral kills)
  A killer bee (D:9)
1 creature vanquished.

Vanquished Creatures (others)
  A scorpion (D:7)
  A killer bee (D:9)
  An orc wizard (D:7)
  4 orcs
7 creatures vanquished.

Grand Total: 265 creatures vanquished

Notes
Turn   | Place    | Note
-------+----------+-------------------------------------------
     0 | D:1      | RepHenryClay the Deep Elf Conjurer began the quest for the
                  | Orb.
     0 | D:1      | Reached XP level 1. HP: 10/10 MP: 6/6
   290 | D:1      | Reached XP level 2. HP: 13/15 MP: 5/8
   961 | D:1      | Learned a level 2 spell: Searing Ray
  1186 | D:2      | Reached XP level 3. HP: 17/19 MP: 0/9
  1446 | D:2      | Reached skill level 5 in Conjurations
  1737 | D:2      | Found a broken altar of Ashenzari.
  2041 | D:3      | Noticed an ogre
  2043 | D:3      | Reached XP level 4. HP: 24/24 MP: 9/11
  2049 | D:3      | Killed an ogre
  2050 | D:3      | Reached XP level 5. HP: 28/28 MP: 1/12
  2319 | D:3      | Noticed a phantom
  2333 | D:3      | Killed a phantom
  2515 | D:3      | Reached XP level 6. HP: 32/32 MP: 6/13
  2889 | D:3      | Found an ancient bone altar of Kikubaaqudgha.
  2906 | D:3      | Found a bloodstained altar of Trog.
  3357 | D:4      | Reached skill level 3 in Dodging
  3471 | D:4      | Learned a level 4 spell: Iskenderun's Mystic Blast
  3661 | D:4      | Found an opulent altar of Gozag.
  3836 | D:4      | Reached skill level 1 in Translocations
  3882 | D:4      | Reached skill level 4 in Dodging
  3882 | D:4      | Reached XP level 7. HP: 36/36 MP: 10/15
  4694 | D:5      | Entered Level 5 of the Dungeon
  4704 | D:5      | Reached skill level 5 in Dodging
  4882 | D:5      | Found a staircase to the Ecumenical Temple.
  4932 | Temple   | Entered the Ecumenical Temple
  4975 | Temple   | Became a worshipper of Vehumet
  5202 | D:5      | Reached skill level 5 in Spellcasting
  5272 | D:5      | Noticed a troll
  5378 | D:6      | Found a stormy altar of Qazlal.
  5581 | D:6      | Reached skill level 6 in Dodging
  5583 | D:6      | Reached XP level 8. HP: 41/41 MP: 8/18
  5610 | D:6      | Reached skill level 7 in Dodging
  5753 | D:6      | Reached * piety under Vehumet
  5753 | D:6      | Offered knowledge of Freeze by Vehumet.
  5877 | D:6      | Reached skill level 8 in Dodging
  6498 | D:6      | Reached XP level 9. HP: 45/45 MP: 13/21
  6760 | D:6      | Reached skill level 9 in Dodging
  7034 | D:7      | Found a runed translucent door.
  7036 | D:7      | Found a runed translucent door.
  7259 | D:7      | Noticed a two-headed ogre
  7268 | D:7      | Killed a two-headed ogre
  7269 | D:7      | Reached skill level 10 in Dodging
  7849 | D:7      | Offered knowledge of Shock by Vehumet.
  7851 | D:7      | Reached ** piety under Vehumet
  7898 | D:7      | Reached skill level 11 in Dodging
  7911 | D:7      | Upgraded the game from 0.28-a0-1130-gc51a68064b to
                  | 0.28-a0-1143-gcf6077d4cc
  8109 | D:8      | Noticed a gargoyle
  8223 | D:9      | Found a shimmering blue altar of Sif Muna.
  8346 | D:9      | Reached XP level 10. HP: 50/50 MP: 22/25
  8601 | D:9      | Reached skill level 10 in Conjurations
  8606 | D:9      | Offered knowledge of Mephitic Cloud by Vehumet.
  8612 | D:9      | Learned a level 3 spell: Mephitic Cloud
  8955 | D:9      | Identified the +2 buckler "Qidegrual" {rF+ Will+ SInv}
  9144 | D:10     | Entered Level 10 of the Dungeon
  9209 | D:10     | Found a glowing silver altar of Zin.
  9222 | D:10     | Reached skill level 1 in Shields
  9226 | D:10     | Found a flagged portal.
  9244 | D:10     | Identified the +4 hand axe of Peace {flame, Stlth+}
  9271 | Bailey   | Entered a bailey
  9376 | Bailey   | Reached *** piety under Vehumet
  9440 | Bailey   | Offered knowledge of Olgreb's Toxic Radiance by Vehumet.
  9441 | Bailey   | Reached skill level 5 in Translocations
  9452 | Bailey   | Learned a level 4 spell: Olgreb's Toxic Radiance
  9528 | Bailey   | Reached skill level 1 in Poison Magic
  9556 | Bailey   | Reached **** piety under Vehumet
  9672 | Bailey   | Reached skill level 12 in Dodging
  9672 | Bailey   | Reached XP level 11. HP: 54/54 MP: 26/26
  9676 | Bailey   | Noticed an orc warlord
  9751 | Bailey   | Identified the +6 falchion of Xoxem {freeze, Str+4 Int+2
                  | Stlth+}
  9832 | Bailey   | Offered knowledge of Conjure Flame by Vehumet.
  9965 | Bailey   | Shot with a bolt by an orc warlord

Illustrated notes

Levels and vault maps discovered:
D:1:      minmay_arrival_solitary_statue, layout_basic, nrook_loot_triangle
D:2:      layout_loops_ring, basic_altar
D:3:      layout_rooms, chequers_temple_overflow_statue_of_worship
D:4:      cheibrodos_barr_body, layout_loops_cross,
          mainiacjoe_overflow_small_starburst, kennysheep_potato
D:5:      layout_loops_ring, minmay_temple_entry_proselytizer
D:6:      layout_loops_ring, kennysheep_mini, kennysheep_generic_room_5
D:7:      lemuel_insect_pit, layout_cave_pools, kennysheep_small_spiral,
          serial_park_tiny_pond
D:8:      layout_basic, okawaru_trees_1, minitemple, ebering_ghost_gozag
D:9:      layout_basic, mainiacjoe_overflow_concentric_impassable,
          kb_lookout_dungeons_type, dk_vineyard_2
D:10:     layout_long_grid, mainiacjoe_overflow_cross_hatched,
          mainiacjoe_overflow_six_doors_small, due_lair_maze_entry_diamond,
          orc_0_dummy, enter_bailey_2, dk_noncrumbling_4,
          hangedman_abyss_or_decor_lesser_grid
Temple:   jpeg_temple_alley_garden
Bailey:   bailey_axe_minmay_hex_keep, bailey

Skill      XL: |  1  2  3  4  5  6  7  8  9 10 |
---------------+-------------------------------+-----
Stealth        | 3 |  3.0
Conjurations   | 5 6 7 8 9 11 | 11.5
Dodging        | 4 6 8 11 12 | 12.9
Spellcasting   | 4 5 7 9 |  9.6
Translocations | 1 3 4 5 |  5.0
Shields        | 2 |  2.8
Poison Magic   | 7 |  7.9

Action                   |  1- 3 |  4- 6 |  7- 9 | 10-12 || total
-------------------------+-------+-------+-------+-------++-------
Melee: Short sword       |       |     9 |    41 |   151 ||   201
 Cast: Magic Dart        |    79 |    62 |    44 |     5 ||   190
       Searing Ray       |     1 |    11 |    52 |    16 ||    80
       Iskenderun's Myst |       |       |     1 |    13 ||    14
       Mephitic Cloud    |       |       |       |    16 ||    16
       Olgreb's Toxic Ra |       |       |       |     8 ||     8
Evoke: Wand              |       |       |    10 |     2 ||    12
       Lightning rod     |       |       |       |     3 ||     3
  Use: Potion            |       |     1 |       |     1 ||     2
       Scroll            |       |       |     4 |     3 ||     7
 Stab: Sleeping          |       |       |     1 |       ||     1
       Confused          |       |       |       |     6 ||     6
Armor: Robe              |     1 |     1 |    26 |     5 ||    33
Dodge: Dodged            |    12 |    14 |    99 |    83 ||   208
Block: Buckler           |       |       |       |    37 ||    37

Table legend: (Time is in decaauts)
 A = Elapsed time spent in this place.
 B = Non-inter-level travel time spent in this place.
 C = Inter-level travel time spent in this place.
 D = Time resting spent in this place.
 E = Time spent auto-exploring this place.
 F = Levels seen in this place.
 G = Mean time per level.
                   A        B        C        D        E       F      G
               +--------+--------+--------+--------+--------+-----+--------+
         Total |  10002 |   9602 |    400 |   1725 |   5975 |  12 |  833.5 |
       Dungeon |   9220 |   8850 |    370 |   1632 |   5803 |  10 |  922.0 |
        Temple |     72 |     43 |     29 |      0 |     30 |   1 |   72.0 |
        Bailey |    709 |    709 |      0 |     93 |    142 |   1 |  709.0 |
               +--------+--------+--------+--------+--------+-----+--------+

Top non-repeatable levels by time:
     D:4: 1692 daAuts
     D:2: 1505 daAuts
     D:6: 1448 daAuts
     D:7: 1003 daAuts
     D:9: 980 daAuts
     D:1: 854 daAuts
     D:3: 738 daAuts
     D:5: 737 daAuts
  Bailey: 709 daAuts
     D:8: 179 daAuts
    D:10: 80 daAuts
  Temple: 72 daAuts
